 Dungeon Crawl Stone Soup version 0.25.0-9-g26727b657a (webtiles) character file.

Game seed: 11943004066334949510

35 nikku the Conjurer (level 3, -1/19 HPs)
             Began as a Deep Elf Conjurer on June 20, 2020.
             Slain by a gnoll
             ... wielding a +0 whip
              (6 damage)
             ... on level 2 of the Dungeon.
             The game lasted 00:03:35 (986 turns).

nikku the Conjurer (Deep Elf Conjurer)               Turns: 986, Time: 00:03:36

Health: -1/19      AC:  2    Str:  5    XL:     3   Next: 17%
Magic:  8/10       EV: 13    Int: 20    God:
Gold:   25         SH:  0    Dex: 15    Spells: 7/10 levels left

rFire    . . .     SeeInvis .   d - +2 dagger (drain)
rCold    . . .     Gourm    .   (no shield)
rNeg     . . .     Faith    .   a - +0 robe
rPois    .         Spirit   .   (no helmet)
rElec    .         Reflect  .   (no cloak)
rCorr    +         Harm     .   (no gloves)
MR       +....                  (no boots)
Stlth    ++........             (no amulet)
HPRegen  0.06/turn              i - ring of resist corrosion
MPRegen  0.12/turn              l - ring of protection from magic

@: no status effects
A: no striking features
a: no special abilities


You were on level 2 of the Dungeon.
You were not hungry.

You visited 1 branch of the dungeon, and saw 2 of its levels.

You collected 25 gold pieces.

Inventory:

Hand Weapons
 d - a +2 dagger of draining (weapon)
Armour
 a - a +0 robe (worn)
Jewellery
 i - a ring of resist corrosion (left hand)
 k - an uncursed ring of fire
 l - a ring of protection from magic (right hand)
Scrolls
 b - a scroll of remove curse
 g - a scroll of identify
Potions
 e - 2 potions of mutation
 j - a potion of ambrosia
 m - 2 potions of lignification
Comestibles
 c - 5 rations


   Skills:
 - Level 2.4 Dodging
 - Level 2.4 Stealth
 + Level 4.1 Spellcasting
 + Level 5.0 Conjurations


You had 7 spell levels left.
You knew the following spells:

 Your Spells              Type           Power        Failure   Level  Hunger
a - Magic Dart            Conj           ###.         1%          1    None
b - Searing Ray           Conj           ###...       2%          2    #......

Your spell library contained the following spells:

 Spells                   Type           Power        Failure   Level  Hunger
 Dazzling Flash           Conj/Hex       ##....       14%         3    ###....
 Fulminant Prism          Conj/Hex       ##........   41%         4    ####...
 Iskenderun's Mystic Bla  Conj/Tloc      ##......     41%         4    ####...


Dungeon Overview and Level Annotations

Branches:
Dungeon (2/15)

Altars:


Message History

You finish memorising.
Spell assigned to 'b'.
Okay, then.
All of the chunks of flesh in your inventory have rotted away.
Magic restored.
Done exploring.
You climb downwards.
The gnoll hits you with a +0 whip. The gnoll hits you with a +0 whip!
Ouch! That really hurt!
* * * LOW HITPOINT WARNING * * *
There is a stone staircase leading up, spattered with blood here.
Casting: Magic Dart (safe; 1% risk of failure)
Confirm with . or Enter, or press ? or * to list all spells.
Aiming: Searing Ray (safe; 2% risk of failure)
Press: ? - help, Shift-Dir - straight line, f - gnoll
Aim: a gnoll, wielding a +0 whip The searing ray hits the gnoll!
The gnoll is severely wounded. (Press . to maintain the ray.)
The gnoll hits you with a +0 whip.
You die...

#######
#.g@#.#
#.....#
#####.#
.KK.g...#
.########


You could see a gnoll.

Vanquished Creatures
  A gnoll (D:2)
  A giant cockroach (D:1)
  3 goblins (D:1)
  3 hobgoblins (D:1)
  2 jackals (D:1)
  5 kobolds
  A ball python (D:1)
  3 bats (D:1)
  2 frilled lizards
  4 rats (D:1)
25 creatures vanquished.

Notes
Turn   | Place    | Note
-------+----------+-------------------------------------------
     0 | D:1      | nikku the Deep Elf Conjurer began the quest for the Orb.
     0 | D:1      | Reached XP level 1. HP: 10/10 MP: 6/6
   150 | D:1      | Reached XP level 2. HP: 9/15 MP: 3/8
   901 | D:2      | Reached skill level 5 in Conjurations
   901 | D:2      | Reached XP level 3. HP: 19/19 MP: 0/10
   910 | D:1      | Learned a level 2 spell: Searing Ray
   986 | D:2      | Slain by a gnoll

Illustrated notes

Levels and vault maps discovered:
D:1:      evilmike_arrival_fibonacci_small, layout_basic
D:2:      layout_basic, lemuel_round_altar, overflow_temple_1_default,
          minmay_indecisive_spiral, uniq_crazy_yiuf_cottage, uniq_terence

Skill      XL: |  1  2 |
---------------+-------+-----
Spellcasting   | 4 |  4.1
Conjurations   | 5 |  5.0
Dodging        | |  2.4
Stealth        | |  2.4

Action                   || total
-------------------------++-------
 Cast: Magic Dart        ||    41
       Searing Ray       ||     1
  Use: Scroll            ||     5
